 Dungeon Crawl Stone Soup version 0.22-a0-467-g5c5de1c (webtiles) character file.

374 tilp the Chiller (level 6, -1/41 HPs)
             Began as a Merfolk Ice Elementalist on June 10, 2018.
             Killed from afar by a white imp (13 damage)
             ... with a puff of frost
             ... on level 4 of the Dungeon.
             The game lasted 00:13:16 (4489 turns).

tilp the Chiller (Merfolk Ice Elementalist)         Turns: 4489, Time: 00:13:17

Health: -1/41      AC: 15    Str:  9    XL:     6   Next: 72%
Magic:  7/9        EV: 13    Int: 16    God:
Gold:   145        SH:  5    Dex: 14    Spells: 3/9 levels left

rFire    . . .     SeeInvis .   l - +1 dagger (protect)
rCold    . . .     Gourm    .   f - +0 buckler
rNeg     . . .     Faith    .   a - +0 robe
rPois    .         Spirit   .   q - +0 helmet
rElec    .         Reflect  .   (no cloak)
rCorr    .         Harm     .   (no gloves)
MR       .....                  (no boots)
Stlth    ++........             (no amulet)
HPRegen  0.13/turn              (no ring)
MPRegen  0.11/turn              (no ring)

@: icy armour, protection aura
A: change form in water, swift swim, stealthy swim
a: no special abilities


You were on level 4 of the Dungeon.
You were not hungry.

You visited 1 branch of the dungeon, and saw 4 of its levels.
You also visited: Sewer.

You collected 145 gold pieces.

Inventory:

Hand Weapons
 l - a +1 dagger of protection (weapon)
 p - a +1 spear
Missiles
 r - 104 stones (quivered)
Armour
 a - a +0 robe (worn)
 f - a +0 buckler (worn)
 q - a +0 helmet (worn)
Jewellery
 k - an uncursed ring of magical power {unknown}
 w - a +2 ring of strength {unknown}
Scrolls
 b - 3 scrolls of teleportation
 g - 3 scrolls of remove curse
 h - a scroll of amnesia
 m - a scroll of fog
 o - a scroll of enchant weapon
 u - a scroll of identify
 v - a scroll of fear {unknown}
Potions
 e - 2 potions of flight
 i - a potion of agility
 j - 3 potions of might
 n - 2 potions of mutation {unknown}
 s - a potion of heal wounds {unknown}
 t - 2 potions of brilliance {unknown}
Comestibles
 c - 9 rations


   Skills:
 + Level 0.2 Fighting
 + Level 0.3 Polearms
 - Level 2.6 Dodging
 - Level 2.1 Stealth
 - Level 4.5 Shields
 - Level 2.0 Spellcasting
 - Level 0.7 Conjurations
 - Level 6.0 Ice Magic


You had 3 spell levels left.
You knew the following spells:

 Your Spells              Type           Power        Failure   Level  Hunger
a - Freeze                Ice            ###.         1%          1    #......
b - Throw Frost           Conj/Ice       ##....       8%          2    ###....
c - Ozocubu's Armour      Chrm/Ice       ##......     19%         3    ###....

Your spell library contained the following spells:

 Spells                   Type           Power        Failure   Level  Hunger
 Summon Ice Beast         Ice/Summ       ##......     52%         4    #####..
 Spider Form              Tmut/Pois      #.........   52%         3    ###....
 Blade Hands              Tmut           #.........   99%         5    ######.
 Ice Form                 Ice/Tmut       ##......     52%         4    #####..
 Throw Icicle             Conj/Ice       ##......     45%         4    #####..
 Sticks to Snakes         Tmut           #.......     30%         2    ###....
 Beastly Appendage        Tmut           #.....       21%         1    #......


Dungeon Overview and Level Annotations

Branches:
Dungeon (4/15)
 Temple: D:4-7

Altars:
Gozag
Wu Jian
The Shining One


Message History

The white imp is heavily wounded.
The white imp barely misses you.
You barely miss the white imp.
The white imp is heavily wounded.
The white imp hits you. The white imp freezes you.
You hit the white imp but do no damage.
The white imp is moderately wounded.
The white imp misses you.
You closely miss the white imp.
The white imp is moderately wounded.
The white imp barely misses you.
You closely miss the white imp.
The white imp is moderately wounded.
The white imp gestures at you. The puff of frost hits you!
You closely miss the white imp.
The white imp is moderately wounded.
The white imp gestures at you. The puff of frost hits you!
You die...

#.########....
#.##....##....
#.##....##.#.#
#..'....'.....
#.##....##.#..
#.####.....#.. #.#
#.....#..
######.####....##..
#.@................
#5########.........
#.# #...####.. #.#
#... #.. #.## #....
.... #..##
#.........
#...######.........
#..............##.#
#.............


You could see a white imp.

Vanquished Creatures
  An ogre (D:4)
  A howler monkey (D:4)
  2 orc wizards
  Natasha (D:4)
  A worker ant (D:4)
  A gnoll (D:1)
  2 adders
  An ooze (D:4)
  3 worms
  A dart slug (D:2)
  6 leopard geckos
  12 orcs
  5 ball pythons
  6 bats
  6 giant cockroaches
  6 goblins
  7 hobgoblins
  5 jackals
  A quokka (D:4)
  10 frilled lizards
  A hobgoblin zombie (D:4)
  3 kobolds
  A kobold skeleton (D:4)
  4 kobold zombies (D:4)
  9 rats
96 creatures vanquished.

Notes
Turn   | Place    | Note
-------+----------+-------------------------------------------
     0 | D:1      | tilp the Merfolk Ice Elementalist began the quest for the Orb.
     0 | D:1      | Reached XP level 1. HP: 13/13 MP: 3/3
   156 | D:1      | Reached XP level 2. HP: 13/19 MP: 0/5
   160 | D:1      | Learned a level 2 spell: Throw Frost
   239 | D:1      | Reached skill level 4 in Ice Magic
   367 | D:1      | Reached XP level 3. HP: 24/24 MP: 0/6
   372 | D:1      | Learned a level 3 spell: Ozocubu's Armour
  1031 | D:2      | Reached skill level 5 in Ice Magic
  1267 | D:2      | Found an ornate altar of the Wu Jian Council.
  1412 | D:2      | Found an opulent altar of Gozag.
  1743 | D:2      | Reached XP level 4. HP: 30/30 MP: 7/7
  2108 | D:3      | Found a glowing drain.
  2189 | Sewer    | Entered a sewer
  2249 | Sewer    | Noticed Purgy
  2927 | D:3      | Reached skill level 6 in Ice Magic
  3129 | D:3      | Reached XP level 5. HP: 29/35 MP: 0/8
  3185 | D:3      | Reached skill level 1 in Shields
  3860 | D:4      | Noticed Natasha
  3868 | D:4      | Killed Natasha
  4044 | D:4      | Reached XP level 6. HP: 35/41 MP: 0/9
  4460 | D:4      | Found a glowing golden altar of the Shining One.
  4489 | D:4      | Killed from afar by a white imp

Vault maps used:
D:1:      dpeg_arrival_boxorama
D:2:      lemuel_round_altar, lemuel_statue_altar
D:3:      portal_sewer_entry_f, fountainhead, eino_tiny_chamber
D:4:      nicolae_tso_besieged_by_evil, uniq_natasha
Sewer:    sewer_co_purgy_island

Skill      XL: |  1  2  3  4  5  6 |
---------------+-------------------+-----
Ice Magic      | 4 5 6 |  6.0
Shields        | 3 4 |  4.5
Fighting       | |  0.2
Polearms       | |  0.3
Dodging        | |  2.6
Stealth        | |  2.1
Spellcasting   | |  2.0
Conjurations   | |  0.7

Action                   |  1- 3 |  4- 6 || total
-------------------------+-------+-------++-------
Melee: Dagger            |    64 |   264 ||   328
       Tailslap          |       |     5 ||     5
Throw: Stone             |       |     7 ||     7
 Cast: Freeze            |    37 |    55 ||    92
       Throw Frost       |     1 |     4 ||     5
       Ozocubu's Armour  |     3 |    15 ||    18
  Use: Scroll            |       |    12 ||    12
       Potion            |       |     3 ||     3
 Stab: Sleeping          |     2 |     2 ||     4
  Eat: Chunk             |     4 |    12 ||    16
Armor: Robe              |    28 |    77 ||   105
Dodge: Dodged            |    61 |   185 ||   246
Block: Buckler           |       |     8 ||     8

Table legend:
 A = Spawn XP
 B = Non-spawn XP
 C = Spawn XP percentage of total XP
 D = Spawn monster count
 E = Non-spawn monster count
 F = Spawn count percentage of total count
 G = Total turns spent on level
                    A         B        C        D         E        F      G
               +---------+---------+-------+---------+---------+-------+---------
         Total |       0 |     535 |   0.0 |       0 |      96 |   0.0 |  4489
               +---------+---------+-------+---------+---------+-------+---------
           D:1 |       0 |      50 |   0.0 |       0 |      23 |   0.0 |  1011
           D:2 |       0 |      34 |   0.0 |       0 |      13 |   0.0 |  1041
           D:3 |       0 |     107 |   0.0 |       0 |      30 |   0.0 |  1320
           D:4 |       0 |     323 |   0.0 |       0 |      23 |   0.0 |   928
         Sewer |       0 |      21 |   0.0 |       0 |       7 |   0.0 |   189
               +---------+---------+-------+---------+---------+-------+---------
